Map: 零纪元-天梯版

Players

Maru - Winner!

  • Race: Terran Terran
  • League: Gold

SpeCial

  • Race: Terran Terran

Event: WESG 2018 Grand Finals

VOD

Have the link to the VOD?

Description

Time

  • Played on: March 11, 2019, 2:35 a.m.
  • Length: 6:35

All games in this series

Show
View Real Time Build Order
Export as new Build Order

Maru Terran - Winner!

Build Orders: Gas First Reaper Expand 

Get SALT Encoding   

  12  0:00  SCV  
  13  0:12  SCV  
  14  0:17  Supply Depot  
  14  0:24  SCV  
  15  0:28  Refinery  
  15  0:39  SCV  
  16  0:46  Barracks  
  16  0:51  SCV  
  17  1:03  SCV  
  18  1:15  SCV  
  19  1:32  Orbital Command  
  19  1:33  Reaper  
  20  1:46  Command Center  
  20  1:58  SCV  
  21  2:02  Factory  
  21  2:07  Barracks Reactor  
  21  2:10  SCV  
  21  2:15  Supply Depot  
  22  2:19  Refinery  
  22  2:22  SCV  
  24  2:37  SCV  
  24  2:45  Marine x2  
  24  2:46  Starport  
  24  2:49  Widow Mine, SCV  
  29  2:58  Orbital Command  
  29  3:01  SCV  
  29  3:04  Marine x2  
  32  3:12  Factory Tech Lab  
  32  3:13  SCV  
  33  3:23  Marine  
  33  3:24  Marine  
  33  3:26  SCV x2  
  37  3:32  Raven, Refinery  
  39  3:37  Supply Depot  
  39  3:38  SCV  
  39  3:39  Factory Tech Lab, SCV  
  41  3:42  Marine  
  41  3:43  Marine  
  43  3:53  SCV x2  
  44  4:00  Marine  
  44  4:01  Siege Tank  
  48  4:03  Supply Depot  
  48  4:05  SCV x2  
  50  4:11  Refinery  
  50  4:15  Banshee  
  53  4:19  Marine  
  54  4:24  SCV, Supply Depot  
  54  4:25  SCV  
  56  4:34  Siege Tank  
  56  4:37  SCV x2  
  56  4:38  Marine  
  62  4:43  Supply Depot  
  62  4:45  Marine  
  62  4:48  Supply Depot  
  64  4:52  SCV  
  64  4:53  SCV  
  65  5:06  Siege Tank  
  68  5:07  SCV x2  
  68  5:08  Viking  
  68  5:10  Viking  
  74  5:19  Marine  
  75  5:24  Supply Depot  
  75  5:38  Viking, Siege Tank  
  75  5:40  Viking  
  82  5:43  Supply Depot  
  82  5:45  Marine  
  83  5:59  SCV x2  
  83  6:03  Marine  
  84  6:06  Supply Depot  
Show
View Real Time Build Order
Export as new Build Order

SpeCial Terran 

Build Orders: Gas First Reaper Expand 

Get SALT Encoding   

  12  0:00  SCV  
  13  0:12  SCV  
  14  0:18  Supply Depot  
  14  0:24  SCV  
  15  0:28  Refinery  
  15  0:39  SCV  
  16  0:45  Barracks  
  16  0:51  SCV  
  17  1:03  SCV  
  18  1:15  SCV  
  19  1:32  Reaper, Orbital Command  
  20  1:46  Command Center  
  20  1:58  Factory  
  20  2:00  SCV  
  21  2:07  Barracks Reactor  
  21  2:13  Supply Depot  
  21  2:15  SCV  
  22  2:21  Refinery  
  22  2:27  SCV  
  23  2:39  SCV  
  23  2:42  Factory Tech Lab  
  23  2:43  Marine x2  
  26  2:51  SCV  
  27  3:01  Cyclone, Orbital Command  
  27  3:02  Marine  
  27  3:04  Marine  
  32  3:06  SCV  
  33  3:16  Starport  
  33  3:19  SCV  
  34  3:27  SCV  
  34  3:31  SCV  
  36  3:38  Command Center  
  36  3:43  SCV x2  
  36  3:45  Starport  
  38  3:52  Siege Tank  
  38  3:55  Barracks Tech Lab  
  41  3:57  SCV x2  
  41  4:01  Refinery  
  43  4:05  Supply Depot  
  43  4:12  SCV x2  
  43  4:13  Refinery  
  45  4:24  SCV  
  45  4:25  SCV  
  45  4:30  Raven  
  48  4:36  SCV  
  48  4:37  SCV  
  52  4:38  Siege Tank  
  52  4:40  Supply Depot  
  53  4:48  SCV  
  53  4:49  SCV  
  53  4:50  Orbital Command  
  55  4:58  Marine x2  
  57  5:00  SCV  
  57  5:01  SCV  
  59  5:12  Orbital Command, SCV, Supply Depot  
  59  5:13  SCV, Siege Tank  
  59  5:14  Raven  
  66  5:25  SCV x2  
  66  5:27  Factory  
  68  5:32  Barracks Reactor  
  68  5:35  Supply Depot  
  68  5:37  SCV  
  68  5:38  SCV x2  
  71  5:45  Siege Tank  
  71  5:49  SCV  
  75  5:50  SCV x2  
  75  5:56  Refinery  
  77  6:01  SCV  
  77  6:02  SCV x2  
  80  6:07  Refinery  
  78  6:12  Hellion x2  
  78  6:13  SCV  
  78  6:14  SCV x2  
  79  6:19  Supply Depot  
Tags
 
Add a new tag
Caveats
  • Supply blocks, unpowered buildings, or Contaminate may cause inaccurate times.
  • Supply counts are checked every 10 seconds.